 Dungeon Crawl Stone Soup version 0.28-a0-1159-g27aa881441 (webtiles) character file.

Game seed: 8968810291139845442

173658 oldriver the Sorcerer (level 17, -2/90 HPs)
             Began as a Deep Elf Conjurer on Dec 14, 2021.
             Was a High Priest of Vehumet.
             Shot with an arrow by a naga sharpshooter (17 damage)
             ... on level 2 of the Snake Pit on Dec 16, 2021.
             The game lasted 01:20:04 (29467 turns).

oldriver the Sorcerer (Deep Elf Conjurer)          Turns: 29467, Time: 01:20:05

Health: -2/90      AC: 12    Str:  4    XL:     17   Next: 43%
Magic:  55/55      EV: 14    Int: 36    God:    Vehumet [*****.]
Gold:   1195       SH:  0    Dex: 13    Spells: 18/63 levels left

rFire   + . .      SeeInvis .   Z - +2 flail of Premature Burial {flame, Will+ MP+9 Int+4}
rCold   + . .      Faith    .   (no shield)
rNeg    . . .      Spirit   .   S - +0 robe of Experimentation {+Inv rElec rPois rCorr}
rPois   +          Reflect  .   y - +1 hat
rElec   +          Harm     .   X - +2 cloak {rC+}
rCorr   +          Rampage  .   J - +0 pair of gloves
Will    ++...                   x - +0 pair of boots
Stlth   +++.......              v - amulet of magic regeneration
HPRegen 0.25/turn               i - ring of protection from fire
MPRegen 0.74/turn               L - +4 ring of protection

@: no status effects
A: no striking features
a: Renounce Religion, Evoke Invisibility


You were on level 2 of the Snake Pit.
You worshipped Vehumet.
Vehumet was extremely pleased with you.
You visited 4 branches of the dungeon, and saw 20 of its levels.
You also visited: Ice Cave.

You collected 2262 gold pieces.
You spent 1067 gold pieces at shops.

Inventory:

Hand Weapons
 Z - the +2 flail of Premature Burial (weapon) {flame, Will+ MP+9 Int+4}
   (You bought it in a shop on level 1 of the Snake Pit)

   It burns those it strikes, dealing additional fire damage.
   Int:       It affects your intelligence (+4).
   MP:        It affects your magic capacity (+9).
   Will:      It increases your willpower.
Armour
 x - a +0 pair of boots (worn)
 y - a +1 hat (worn)
 J - a +0 pair of gloves (worn)
 S - the +0 robe of Experimentation (worn) {+Inv rElec rPois rCorr}
   (You found it on level 3 of the Lair of Beasts)

   rElec:     It insulates you from electricity.
   rPois:     It protects you from poison.
   +Inv:      It lets you turn invisible.
   rCorr:     It protects you from acid and corrosion.
 V - a +1 robe of resistance
 X - a +2 cloak of cold resistance (worn)
Magical Staves
 N - a staff of fire
Jewellery
 i - a ring of protection from fire (left hand)
 v - an amulet of magic regeneration (around neck)
 L - a +4 ring of protection (right hand)
 M - a +6 ring of intelligence
 U - a ring of protection from fire
 W - a ring of see invisible
 Y - a ring of protection from cold
Wands
 g - a wand of charming (12)
 r - a wand of mindburst (11)
 t - a wand of acid (4)
 w - a wand of polymorph (13)
 H - a wand of paralysis (1)
 I - a wand of iceblast (32)
 P - a wand of digging (4)
Scrolls
 b - 3 scrolls of teleportation
 d - 2 scrolls of enchant armour
 e - a scroll of fog
 h - a scroll of holy word
 j - 5 scrolls of enchant weapon
 n - 4 scrolls of brand weapon
 o - 3 scrolls of immolation
 u - 2 scrolls of magic mapping
 A - a scroll of blinking
 D - 2 scrolls of amnesia
 F - 4 scrolls of vulnerability
 K - a scroll of identify
 R - a scroll of torment
 T - a scroll of summoning
Potions
 a - a potion of berserk rage
 f - 10 potions of curing
 k - 2 potions of mutation
 l - a potion of brilliance
 p - 6 potions of attraction
 s - 3 potions of ambrosia
 z - 2 potions of haste
 B - a potion of degeneration
 C - a potion of resistance
 E - 2 potions of flight
 G - a potion of lignification
 O - 2 potions of magic


   Skills:
 * Level 4.6 Fighting
 + Level 5.4 Dodging
 + Level 5.5 Stealth
 * Level 23.8 Spellcasting
 + Level 16.3 Conjurations
 + Level 6.9 Hexes
 + Level 7.9 Translocations
 + Level 1.4 Transmutations
 * Level 11.1 Fire Magic
 - Level 4.0 Ice Magic
 - Level 3.3 Air Magic
 + Level 1.7 Poison Magic


You had 18 spell levels left.
You knew the following spells:

 Your Spells              Type           Power      Damage    Failure   Level
a - Magic Dart            Conj           100%       1d8       0%          1
b - Searing Ray           Conj           100%       2d8       0%          2
c - Iskenderun's Mystic   Conj/Tloc      92%        2d18      1%          4
d - Fulminant Prism       Conj/Hex       45%        3d21      1%          4
e - Dazzling Flash        Conj/Hex       100%       N/A       0%          3
f - Mephitic Cloud        Conj/Pois/Air  76%        N/A       1%          3
g - Ignite Poison         Fire/Tmut/Pois 67%        N/A       1%          3
h - Freezing Cloud        Conj/Ice/Air   39%        6-21      1%          5
i - Teleport Other        Tloc           79%        N/A       1%          3
j - Ignition              Fire           44%        3d13      11%         8
k - Fire Storm            Conj/Fire      48%        8d12      45%         9

Your spell library contained the following spells:

 Spells                   Type           Power      Damage    Failure   Level
 Eringya's Noxious Bog    Tmut/Pois      26%        N/A       12%         6
 Scorch                   Fire           100%       2d10      0%          2
 Flame Wave               Conj/Fire      97%        2d13      0%          4
 Animate Skeleton         Necr           84%        N/A       1%          1
 Freeze                   Ice            100%       1d11      1%          1
 Pain                     Necr           100%       1d9       1%          1
 Summon Small Mammal      Summ           100%       N/A       1%          1
 Corpse Rot               Necr/Air       100%       N/A       1%          2
 Poisonous Vapours        Pois/Air       100%       N/A       1%          2
 Call Canine Familiar     Summ           42%        N/A       1%          3
 Frozen Ramparts          Ice            100%       1d12      1%          3
 Gell's Gravitas          Tloc           79%        N/A       1%          3
 Lesser Beckoning         Tloc           79%        N/A       1%          3
 Ozocubu's Armour         Ice            64%        N/A       1%          3
 Summon Guardian Golem    Hex/Summ       61%        N/A       1%          3
 Tukima's Dance           Hex            75%        N/A       1%          3
 Vampiric Draining        Necr           42%        2d9       1%          3
 Hailstorm                Conj/Ice       86%        3d17      1%          4
 Ice Form                 Ice/Tmut       58%        N/A       1%          4
 Olgreb's Toxic Radiance  Pois           53%        N/A       1%          4
 Passage of Golubria      Tloc           79%        N/A       1%          4
 Irradiate                Conj/Tmut      41%        3d27      1%          5
 Silence                  Hex/Air        34%        N/A       1%          5
 Yara's Violent Unravell  Hex/Tmut       32%        3d13      1%          5
 Summon Ice Beast         Ice/Summ       55%        N/A       2%          4
 Spellforged Servitor     Conj/Summ      40%        N/A       4%          7
 Blade Hands              Tmut           26%        N/A       9%          5
 Ozocubu's Refrigeration  Ice            32%        4d11      22%         7
 Lehudib's Crystal Spear  Conj/Erth      40%        10d10     32%         8
 Summon Cactus Giant      Summ           21%        N/A       65%         6
 Dragon Form              Tmut           26%        N/A       95%         7


Dungeon Overview and Level Annotations

Branches:
Dungeon (11/15)            Temple (1/1) D:6            Lair (6/6) D:9
  Swamp (0/4) Lair:2        Snake (2/4) Lair:2        Slime (0/5) Lair:5
  IceCv (visited)
    Orc: D:9-12

Altars:
Ashenzari
Cheibriados
Dithmenos
Elyvilon
Fedhas
Gozag
Hepliaklqana
Kikubaaqudgha
Makhleb
Nemelex Xobeh
Okawaru
Qazlal
Ru
Sif Muna
Trog
Uskayaw
Vehumet
Wu Jian
Xom
Yredelemnul
Zin
The Shining One

Shops:
Snake:1 (

Annotations:
Lair:6 exclusion: obsidian statue
Snake:1 1 runed translucent door, tnor's ghost, adept DESu
Snake:2 Vashnia


Message History

The black mamba is knocked back by the mystic blast.
Your surroundings suddenly seem different.
There is a stone staircase leading down here.
You start resting.
Magic restored.
You start resting.
A naga comes into view. It is wielding a +0 trident.
A naga sharpshooter comes into view. It is wielding a +0 mace.
Casting: Iskenderun's Mystic Blast (safe; 1% risk of failure)
Confirm with . or Enter, or press ? or * to list all spells.
Aiming: Freezing Cloud (mildly dangerous; 1% risk of failure)
Press: ? - help, Dir - move target The naga sharpshooter is engulfed in freezing vapours.
The naga sharpshooter unwields a +0 mace.
The naga sharpshooter wields a +0 shortbow.
The naga sharpshooter shoots an arrow.
The arrow hits you!
Casting: Freezing Cloud (mildly dangerous; 1% risk of failure)
Confirm with . or Enter, or press ? or * to list all spells.
Aiming: Teleport Other (safe; 1% risk of failure)
Press: ? - help, Shift-Dir - straight line, f - naga sharpshooter
Aim: a naga sharpshooter, wielding a +0 shortbow and quivering arrows (freezing vapour, lightly wounded, chance to affect: 47%)
The naga sharpshooter looks slightly unstable.
The naga sharpshooter is engulfed in freezing vapours.
The naga sharpshooter shoots an arrow.
The arrow hits you!
The naga sharpshooter shoots an arrow.
The arrow hits you!
* * * LOW HITPOINT WARNING * * *
The naga sharpshooter spits poison at you.
The splash of poison misses you.
The naga sharpshooter shoots an arrow.
The arrow hits you!
* * * LOW HITPOINT WARNING * * *
Unknown command.
Casting: Teleport Other (safe; 1% risk of failure)
Confirm with . or Enter, or press ? or * to list all spells.
Okay, then.
As you read the scroll of fog, it crumbles to dust.
The scroll dissolves into smoke.
The naga sharpshooter mumbles some strange words.
The naga sharpshooter magically shoots an arrow.
The arrow hits you!
You die...

..####......##...).......#
.........................#
........................##
#'#######...............##
#.......#................##
+.......#.................#
#.......#.....§§§.......###
######+##.....§§§§§.....#
..............§§@§......##
.N..>....#########§......#
...####### #..#.####N...##
..##....### ###.....#..#..#
..#...###.###.##....#.#####
..##..#........#....#.#
...#..#<.......#....#.##
...#..#........#...(#..###
...#..#.....)..#....#....##


You could see a naga sharpshooter (catching breath).

Vanquished Creatures
  A frost giant (IceCv)
  Aizul (Snake:2)
  3 dire elephants (Lair:6)
  Azrael (Snake:2)
  3 naga warriors
  6 hydras
  A catoblepas (Lair:5)
  2 centaur warriors (D:9)
  An anaconda (Snake:1)
  16 death yaks
  4 shock serpents
  6 naga sharpshooters
  Nergalle (D:10)
  A spectral anaconda (Lair:6)
  2 naga ritualists (Snake:1)
  4 necromancers (Lair:6)
  7 mana vipers (Snake:1)
  A deep elf zephyrmancer (D:6)
  A cyclops (D:9)
  2 manticores (D:11)
  15 elephants
  3 salamanders
  A dire elephant zombie (Lair:6)
  3 naga magi (Snake:1)
  21 black mambas
  An ice statue (IceCv)
  Maggie (D:8)
  12 cane toads
  A kobold demonologist (D:10)
  15 komodo dragons
  3 rime drakes
  12 polar bears
  A hornet (D:8)
  2 trolls
  9 blink frogs
  A spectral elephant (Lair:6)
  7 dream sheep (Lair:5)
  A shadow (D:11)
  A fire elemental (Snake:2)
  Grum (D:8)
  A dire elephant simulacrum (Lair:6)
  4 wyverns
  73 yaks
  A vampire mosquito (D:9)
  A steam dragon (D:7)
  19 nagas
  A swamp worm (D:11)
  3 hell hounds (Snake:2)
  12 water moccasins
  An ice beast (D:5)
  4 orc warriors
  2 black bears
  A sky beast (D:7)
  39 wolves
  2 necrophages
  3 ogres
  A phantom (D:7)
  An elephant skeleton (Lair:6)
  9 kobold brigands
  14 bullfrogs
  A gnoll sergeant (D:6)
  2 scorpions (D:5)
  A wyvern skeleton (D:5)
  A killer bee (D:9)
  3 electric eels
  5 howler monkeys
  A bullfrog zombie (D:7)
  5 centaur zombies
  3 centaur skeletons
  3 jellies (Lair:5)
  6 orc priests
  2 bullfrog skeletons (D:6)
  6 hounds
  Jessica (D:3)
  4 iguanas
  7 orc wizards
  2 killer bee zombies
  A howler monkey zombie (D:7)
  10 gnolls
  8 adders
  2 shadow imps (D:10)
  A white imp (D:6)
  An ufetubus (D:5)
  A worm (D:2)
  2 dart slugs
  25 orcs
  10 bats
  12 endoplasms
  6 giant cockroaches
  8 goblins
  4 hobgoblins
  35 kobolds
  6 quokkas
  5 ball pythons
  2 frilled lizards
  9 kobold skeletons (D:10)
  9 kobold zombies (D:10)
  4 rats
  7 fulminant prisms
588 creatures vanquished.

Vanquished Creatures (others)
  195 fulminant prisms
  45 fungi
  63 plants
  6 toadstools (D:3)
  24 withered plants (Lair:6)
333 creatures vanquished.

Grand Total: 921 creatures vanquished

Notes
Turn   | Place    | Note
-------+----------+-------------------------------------------
     0 | D:1      | oldriver the Deep Elf Conjurer began the quest for the Orb.
     0 | D:1      | Reached XP level 1. HP: 10/10 MP: 6/6
    23 | D:1      | Found a faded altar of an unknown god.
   293 | D:1      | Reached XP level 2. HP: 15/15 MP: 6/8
  1083 | D:2      | Reached skill level 5 in Conjurations
  1208 | D:2      | Reached XP level 3. HP: 19/19 MP: 5/10
  1769 | D:2      | Reached skill level 4 in Spellcasting
  1853 | D:2      | Learned a level 2 spell: Searing Ray
  2311 | D:3      | Noticed Jessica
  2315 | D:3      | Killed Jessica
  2316 | D:3      | Reached XP level 4. HP: 24/24 MP: 5/12
  2918 | D:3      | Reached skill level 5 in Spellcasting
  2978 | D:3      | Reached XP level 5. HP: 28/28 MP: 6/14
  3665 | D:3      | Learned a level 4 spell: Iskenderun's Mystic Blast
  3670 | D:3      | Learned a level 4 spell: Fulminant Prism
  4134 | D:4      | Reached skill level 6 in Spellcasting
  4460 | D:4      | Reached XP level 6. HP: 32/32 MP: 10/17
  4554 | D:4      | Reached skill level 1 in Translocations
  5303 | D:5      | Entered Level 5 of the Dungeon
  5393 | D:5      | Reached skill level 7 in Spellcasting
  5731 | D:5      | Reached XP level 7. HP: 32/36 MP: 14/20
  5785 | D:5      | Reached skill level 8 in Spellcasting
  6237 | D:5      | Learned a level 3 spell: Dazzling Flash
  6656 | D:5      | Reached skill level 9 in Spellcasting
  7066 | D:5      | Reached XP level 8. HP: 42/42 MP: 16/23
  7152 | D:5      | Reached skill level 10 in Spellcasting
  7991 | D:6      | Noticed a deep elf zephyrmancer
  8020 | D:6      | Killed a deep elf zephyrmancer
  8021 | D:6      | Reached skill level 1 in Fighting
  8021 | D:6      | Reached skill level 11 in Spellcasting
  8021 | D:6      | Reached XP level 9. HP: 47/47 MP: 13/26
  8161 | D:6      | Found a staircase to the Ecumenical Temple.
  8176 | D:6      | Reached skill level 5 in Stealth
  8178 | Temple   | Entered the Ecumenical Temple
  8304 | Temple   | Became a worshipper of Vehumet
  9311 | D:7      | Reached skill level 12 in Spellcasting
  9997 | D:7      | Reached * piety under Vehumet
  9997 | D:7      | Offered knowledge of Sandblast by Vehumet.
 10337 | D:7      | Reached skill level 13 in Spellcasting
 10727 | D:7      | Reached skill level 1 in Hexes
 11464 | D:8      | Reached XP level 10. HP: 36/52 MP: 21/29
 11705 | D:8      | Noticed Grum
 11711 | D:8      | Killed Grum
 11712 | D:8      | Reached skill level 14 in Spellcasting
 11898 | D:8      | Noticed Maggie
 11907 | D:8      | Killed Maggie
 11908 | D:8      | Reached skill level 5 in Translocations
 11970 | D:8      | Found a burning altar of Makhleb.
 12020 | D:8      | Identified the +4 robe of Proximity {Dex+3}
 12714 | D:9      | Reached skill level 15 in Spellcasting
 12770 | D:9      | Noticed a cyclops
 12788 | D:9      | Killed a cyclops
 12828 | D:9      | Noticed a centaur warrior
 12913 | D:9      | Found a staircase to the Lair.
 12963 | D:9      | Reached skill level 10 in Conjurations
 12996 | D:9      | Killed a centaur warrior
 12998 | D:9      | Offered knowledge of Poisonous Vapours by Vehumet.
 13222 | D:9      | Learned a level 3 spell: Mephitic Cloud
 13226 | D:9      | Learned a level 3 spell: Ignite Poison
 13298 | D:9      | Noticed a centaur warrior
 13406 | D:9      | Killed a centaur warrior
 13407 | D:9      | Reached XP level 11. HP: 31/56 MP: 17/32
 13503 | D:9      | Reached skill level 16 in Spellcasting
 13573 | D:9      | Got the Incunabulum of Creative Conjuration
 13686 | Lair:1   | Entered Level 1 of the Lair of Beasts
 13722 | Lair:1   | Found a hide-covered altar of Uskayaw.
 13770 | Lair:1   | Reached ** piety under Vehumet
 13811 | Lair:1   | Reached skill level 1 in Poison Magic
 13820 | Lair:1   | Reached skill level 17 in Spellcasting
 14057 | Lair:1   | Noticed a five-headed hydra
 14072 | Lair:1   | Killed a five-headed hydra
 14073 | Lair:1   | Reached skill level 1 in Fire Magic
 14443 | Lair:1   | Offered knowledge of Static Discharge by Vehumet.
 14548 | Lair:1   | Reached skill level 18 in Spellcasting
 14596 | Lair:1   | Reached XP level 12. HP: 61/61 MP: 23/36
 14686 | Lair:1   | Reached *** piety under Vehumet
 15098 | Lair:2   | You fall into a shaft and drop 2 floors!
 15157 | Lair:4   | Noticed a death yak
 15157 | Lair:4   | Noticed a death yak
 15158 | Lair:4   | Noticed a death yak
 15158 | Lair:4   | Noticed a death yak
 15158 | Lair:4   | Noticed a death yak
 15159 | Lair:4   | Noticed a death yak
 15214 | Lair:4   | Killed a death yak
 15215 | Lair:4   | Reached skill level 1 in Transmutations
 15217 | Lair:4   | Killed a death yak
 15218 | Lair:4   | Reached skill level 5 in Hexes
 15220 | Lair:4   | Killed a death yak
 15226 | Lair:4   | Killed a death yak
 15233 | Lair:4   | Killed a death yak
 15238 | Lair:4   | Killed a death yak
 15403 | Lair:2   | Noticed a four-headed hydra
 15405 | Lair:2   | Offered knowledge of Conjure Flame by Vehumet.
 15412 | Lair:2   | Killed a four-headed hydra
 15413 | Lair:2   | Reached skill level 19 in Spellcasting
 15629 | Lair:3   | Noticed a five-headed hydra
 15635 | Lair:3   | Killed a five-headed hydra
 15791 | Lair:2   | Identified the +2 ring mail of Osuwuxah {Str+2}
 16130 | Lair:2   | Found a staircase to the Swamp.
 16142 | Lair:2   | Found a staircase to the Snake Pit.
 17102 | Lair:3   | Identified the +0 robe of Experimentation {+Inv rElec rPois
                  | rCorr}
 17213 | Lair:4   | Noticed an eight-headed hydra
 17485 | Lair:4   | Reached XP level 13. HP: 50/65 MP: 23/38
 17495 | Lair:4   | Reached skill level 20 in Spellcasting
 17515 | Lair:4   | Reached skill level 5 in Fire Magic
 18062 | Lair:5   | Reached **** piety under Vehumet
 18189 | D:10     | Entered Level 10 of the Dungeon
 18204 | D:10     | Noticed Nergalle
 18216 | D:10     | Killed Nergalle
 18217 | D:10     | Reached skill level 5 in Dodging
 18340 | D:10     | Offered knowledge of Lightning Bolt by Vehumet.
 18518 | D:10     | Reached ***** piety under Vehumet
 18519 | D:10     | Offered knowledge of Irradiate by Vehumet.
 18528 | D:10     | Learned a level 5 spell: Freezing Cloud
 18742 | D:10     | Found an ancient bone altar of Kikubaaqudgha.
 20146 | D:11     | Reached skill level 1 in Ice Magic
 20168 | D:11     | Found a frozen archway.
 20177 | IceCv    | Entered an ice cave
 20938 | IceCv    | Reached skill level 21 in Spellcasting
 21037 | IceCv    | Offered knowledge of Starburst by Vehumet.
 21048 | IceCv    | Reached skill level 1 in Air Magic
 21455 | IceCv    | Noticed a frost giant
 21656 | IceCv    | Identified the +0 robe of Fortification {Fly}
 21692 | IceCv    | Killed a frost giant
 22321 | D:11     | Upgraded the game from 0.28-a0-1152-g9c71ebef14 to
                  | 0.28-a0-1159-g27aa881441
 22859 | Lair:5   | Reached XP level 14. HP: 19/71 MP: 37/41
 22878 | Lair:5   | Reached skill level 15 in Conjurations
 23428 | Lair:5   | Found a staircase to the Slime Pits.
 23845 | Lair:6   | Entered Level 6 of the Lair of Beasts
 23848 | Lair:6   | Offered knowledge of Eringya's Noxious Bog by Vehumet.
 23849 | Lair:6   | Reached skill level 22 in Spellcasting
 25598 | Snake:1  | Entered Level 1 of the Snake Pit
 25934 | Snake:1  | Reached skill level 23 in Spellcasting
 26435 | Snake:1  | Found a runed translucent door.
 26435 | Snake:1  | Found a shimmering altar of Xom.
 26435 | Snake:1  | Noticed tnor's ghost (adept DESu)
 26462 | Snake:1  | Found Enyboen's Weapon Shop.
 26549 | Snake:1  | Reached XP level 15. HP: 78/78 MP: 39/44
 26862 | Snake:1  | Learned a level 3 spell: Teleport Other
 27518 | Snake:1  | Bought the +2 flail of Premature Burial {flame, Will+ MP+9
                  | Int+4} for 1067 gold pieces
 28080 | Snake:2  | Noticed Aizul
 28125 | Snake:2  | Killed Aizul
 28174 | Snake:2  | Noticed Azrael
 28180 | Snake:2  | Killed Azrael
 28419 | Snake:2  | Learned a level 8 spell: Ignition
 28429 | Snake:2  | Learned a level 9 spell: Fire Storm
 28555 | Snake:2  | Identified a scroll of acquirement
 28555 | Snake:2  | Acquired 441 gold pieces
 28560 | Snake:2  | Reached XP level 16. HP: 86/86 MP: 45/45
 28561 | Snake:2  | Reached XP level 17. HP: 90/90 MP: 46/46
 29360 | Snake:2  | Noticed Vashnia
 29467 | Snake:2  | Shot with an arrow by a naga sharpshooter

Illustrated notes

Levels and vault maps discovered:
D:1:      lightli_arrival_isolated_outpost, layout_basic,
          dreamdust_ecumenical_altar_statues
D:2:      layout_basic
D:3:      layout_loops_ring, minmay_gold_behind_fungi, st_stairs_10,
          roderic_batcave, uniq_jessica
D:4:      layout_loops_cross
D:5:      layout_basic
D:6:      layout_loops_ring, minmay_temple_entry_waves, serial_rivers,
          chequers_serial_rivers_micro_c, chequers_serial_rivers_micro_a,
          chequers_serial_rivers_small_a, chequers_serial_rivers_marsh,
          chequers_serial_rivers_room_b, chequers_serial_rivers_marsh,
          guppyfry_early_elven_hall
D:7:      layout_loops_corners, lightli_minifort
D:8:      layout_loops_ring, makhleb_blood_cavern_becter, uniq_grum, uniq_maggie
D:9:      layout_cave_pools, lair_entry_dummy, minmay_mirror_moons_of_madness
D:10:     wander_kiku_kobolds, layout_layer_cave, uniq_nergalle
D:11:     layout_irregular_city, portal_ice_cave_entry_pillars_2,
          gauntlet_entry_generic, worms_lemuel
Temple:   minmay_crystal_snake_temple
Lair:1:   layout_gridlike, basic_altar, serial_bayou_pond_a,
          guppyfry_lair_drakes, grunt_megastairs_1, lemuel_fruit_tree,
          serial_bayou_shore_b, serial_bayou_shore_b
Lair:2:   layout_misc_corridors, swamp_mist, guppyfry_snake_entry_garden,
          eino_small_chamber_without_monster
Lair:3:   layout_cave_pods
Lair:4:   layout_cave_pods, minivault_27, lemuel_fruit_fields
Lair:5:   layout_misc_corridors, nicolae_slime_entry_slimehenge,
          grunt_megastairs_5
Lair:6:   due_jungle_book, layout_regular_city, infiniplex_staircase_pool
Snake:1:  layout_chambers, serial_shops, nicolae_shop_waterfront,
          ebering_ghost_xom, drop_trap
Snake:2:  layout_cave_town, uniq_vashnia, uniq_aizul, uniq_azrael

Skill      XL: |  1  2  3  4  5  6  7  8  9 10 11 12 13 14 15 16 |
---------------+-------------------------------------------------+-----
Conjurations   | 5 6 7 9 10 11 13 14 16 | 16.3
Spellcasting   | 4 5 6 7 9 11 13 15 18 19 21 23 | 23.8
Stealth        | 3 4 5 |  5.5
Translocations | 1 2 4 5 6 7 |  7.9
Dodging        | 3 4 5 |  5.4
Fighting       | 1 3 4 |  4.6
Hexes          | 2 3 4 6 |  6.9
Poison Magic   | 1 |  1.7
Fire Magic     | 2 4 5 6 9 11 | 11.1
Transmutations | 1 |  1.4
Ice Magic      | 2 3 4 |  4.0
Air Magic      | 1 3 |  3.3

Action                   |  1- 3 |  4- 6 |  7- 9 | 10-12 | 13-15 | 16-18 || total
-------------------------+-------+-------+-------+-------+-------+-------++-------
Melee: Dagger            |       |     2 |     3 |     4 |     1 |       ||    10
 Cast: Magic Dart        |    70 |   101 |    97 |   126 |   296 |     6 ||   696
       Searing Ray       |     1 |    13 |    58 |    14 |    12 |       ||    98
       Dazzling Flash    |       |       |     1 |       |       |       ||     1
       Iskenderun's Myst |       |       |    18 |    60 |   175 |     9 ||   262
       Fulminant Prism   |       |       |       |   124 |    79 |       ||   203
       Mephitic Cloud    |       |       |       |     6 |    15 |       ||    21
       Ignite Poison     |       |       |       |     4 |     5 |       ||     9
       Freezing Cloud    |       |       |       |       |   186 |    14 ||   200
       Teleport Other    |       |       |       |       |     2 |     1 ||     3
  Use: Scroll            |       |       |     7 |    13 |    13 |     5 ||    38
       Potion            |       |       |       |       |     3 |     2 ||     5
Armor: Robe              |     1 |     2 |     8 |     9 |    28 |     6 ||    54
Dodge: Dodged            |     5 |    13 |    38 |    37 |    48 |     5 ||   146

Table legend: (Time is in decaauts)
 A = Elapsed time spent in this place.
 B = Non-inter-level travel time spent in this place.
 C = Inter-level travel time spent in this place.
 D = Time resting spent in this place.
 E = Time spent auto-exploring this place.
 F = Levels seen in this place.
 G = Mean time per level.
                   A        B        C        D        E       F      G
               +--------+--------+--------+--------+--------+-----+--------+
         Total |  29536 |  28377 |   1159 |   7658 |  16356 |  21 | 1406.5 |
       Dungeon |  16040 |  15423 |    617 |   4152 |   9454 |  11 | 1458.2 |
        Temple |    292 |    241 |     51 |      0 |    222 |   1 |  292.0 |
          Lair |   7335 |   6956 |    379 |   1372 |   4156 |   6 | 1222.5 |
     Snake Pit |   3820 |   3708 |    112 |   1068 |   1984 |   2 | 1910.0 |
      Ice Cave |   2046 |   2046 |      0 |   1066 |    539 |   1 | 2046.0 |
               +--------+--------+--------+--------+--------+-----+--------+

Top non-repeatable levels by time:
 Snake:1: 2633 daAuts
     D:5: 2500 daAuts
     D:7: 2047 daAuts
   IceCv: 2046 daAuts
    D:10: 1969 daAuts
  Lair:6: 1694 daAuts
     D:3: 1501 daAuts
  Lair:1: 1492 daAuts
     D:8: 1367 daAuts
     D:4: 1346 daAuts
     D:2: 1342 daAuts
  Lair:4: 1326 daAuts
 Snake:2: 1187 daAuts
     D:6: 1137 daAuts
     D:1: 1128 daAuts
